 Dungeon Crawl Stone Soup version 0.30.0 (webtiles) character file.

Game seed: 15514102723636731681

789835 PurpleRed the Gnoll Barricade (level 27, 0/242 HPs)
             Began as a Gnoll Artificer on May 10, 2023.
             Was an Initiate of Gozag.
             Killed from afar by Nacvid the pandemonium lord (63 damage)
             ... with a great icy blast
             ... in Pandemonium on May 11, 2023.
             The game lasted 05:47:38 (92713 turns).

PurpleRed the Gnoll Barricade (Gnoll Artificer)    Turns: 92713, Time: 05:47:39

Health: 0/242      AC: 28    Str: 21    XL:     27
Magic:  38/58      EV: 36    Int: 36    God:    Gozag
Gold:   5207       SH: 24    Dex: 20    Spells: 1/69 levels left

rFire   + . .        V - +8 mithril axe "Arga" {speed, Will+}
rCold   + . .        g - +5 Storm Queen's Shield {shock, Fly rElec}
rNeg    + + +        H - +1 leather armour of Uskayaw's Delight {rElec rC++ rCorr Dex+4}
rPois   ∞            a - +3 hat of Pondering {ponderous, Will+ MP+10 Int+5}
rElec   +            l - +2 cloak of Topocith {rF+ Regen+ Dex+2 Stlth+}
rCorr   +            w - +1 pair of gloves of Shielding {rPois Int+4 Stlth-}
SInv    .            q - +3 pair of seven-league boots {Rampage+∞}
Will    +++++        m - amulet of Jaexta Xeiso {rC- rN+ Regen+ Int+5}
Stlth   ++++++++     c - +5 ring of evasion
HPRegen 2.20/turn    E - ring "Waozu" {Wiz Str+5 Int+3}
MPRegen 0.36/turn

%: rampage+∞, wizardry (x1)
@: lich-form, frozen, flying, studying 4 skills, very slow
A: draining attack, torment immunity, no potions, fangs 1, strong nose,
distributed training, cold vulnerability 1
}: 5/15 runes: barnacled, slimy, silver, abyssal, gossamer
a: End Transformation, Renounce Religion, Potion Petition, Call Merchant, Bribe
Branch


You were in Pandemonium.
You worshipped Gozag.
Gozag was greatly pleased with you.
You were an undead lich.
You visited 12 branches of the dungeon, and saw 56 of its levels.
You visited Pandemonium 1 time, and saw 3 of its levels.
You visited the Abyss 2 times.
You visited 1 bazaar.
You also visited: Gauntlet and Wizlab.

You collected 39473 gold pieces.
You spent 11721 gold pieces at shops.
You paid 22545 gold pieces to Gozag.

Inventory:

Hand Weapons
 M - the +5 lajatang of Triumph {vamp, rF+ Int+3 SInv}
   (You found it in a Gauntlet)

   Int:       It affects your intelligence (+3).
   rF:        It protects you from fire.
   SInv:      It lets you see invisible.
 T - a +9 sacred scourge of holy wrath
 V - the +8 mithril axe "Arga" (weapon) {speed, Will+}
   (You bought it in a shop on level 3 of the Shoals)

   Will:      It increases your willpower.
 W - the +6 longbow of the Toadstool {drain, Will+++ rCorr Int-3 Stlth+}
   (You found it on level 2 of the Elven Halls)

   Int:       It affects your intelligence (-3).
   rCorr:     It protects you from acid and corrosion.
   Will:      It greatly increases your willpower.
   Stlth:     It makes you more stealthy.
Missiles
 R - 5 curare-tipped darts (quivered)
 Y - 11 silver javelins
Armour
 a - the +3 hat of Pondering (worn) {ponderous, Will+ MP+10 Int+5}
   (You bought it in a shop on level 1 of the Depths)

   Int:       It affects your intelligence (+5).
   MP:        It affects your magic capacity (+10).
   Will:      It increases your willpower.
 d - the +3 buckler "Quxzeda" {rF- Will+ rCorr Int+6}
   (You found it on level 3 of the Elven Halls)

   Int:       It affects your intelligence (+6).
   rF:        It makes you vulnerable to fire.
   rCorr:     It protects you from acid and corrosion.
   Will:      It increases your willpower.
 g - the +5 Storm Queen's Shield (worn) {shock, Fly rElec}
   (You found it on level 5 of the Pits of Slime)

   Shock:     When it blocks an attack, it may electrocute the attacker.
   This works even against foes who are a short distance away.
   rElec:     It insulates you from electricity.
   Fly:       It grants you flight.
 l - the +2 cloak of Topocith (worn) {rF+ Regen+ Dex+2 Stlth+}
   (You bought it in a shop on level 1 of the Depths)

   Dex:       It affects your dexterity (+2).
   rF:        It protects you from fire.
   Regen:     It increases your rate of health regeneration.
   Stlth:     It makes you more stealthy.
 q - the +3 pair of seven-league boots (worn) {Rampage+∞}
   (You found it on level 2 of the Lair of Beasts)

   Rampage+∞: When moving toward enemies, its wearer moves as far as possible.
 r - the +1 robe of Vines {NoPotionHeal Regen++++}
   (You found it on level 12 of the Dungeon)

   NoPotionHeal: Its wearer cannot be healed by potions.
   Regen:     It increases your rate of health regeneration.
 u - the +1 cloak of Starlight {*Dazzle EV+4 Stlth--}
   (You found it in a wizard's laboratory)

   *Dazzle:   It may blind those who miss an attack against the wearer in melee
   combat.
   EV:        It affects your evasion (+4).
   Stlth:     It makes you much less stealthy.
 w - the +1 pair of gloves of Shielding (worn) {rPois Int+4 Stlth-}
   (You found it in a Gauntlet)

   Int:       It affects your intelligence (+4).
   rPois:     It protects you from poison.
   Stlth:     It makes you less stealthy.
 H - the +1 leather armour of Uskayaw's Delight (worn) {rElec rC++ rCorr Dex+4}
   (You bought it in a shop on level 2 of the Dungeon)

   Dex:       It affects your dexterity (+4).
   rC:        It greatly protects you from cold.
   rElec:     It insulates you from electricity.
   rCorr:     It protects you from acid and corrosion.
 Q - the +1 pair of boots of Idedoryg {Str+3}
   (You found it on level 1 of the Shoals)

   Str:       It affects your strength (+3).
Magical Staves
 y - the staff of fire "Rafyimoek" {rElec rF+ Str+6 Dex+3 Stlth-}
   (You found it in Pandemonium)

   [staff of fire]

   Base accuracy: +5 Base damage: 5 Base attack delay: 1.2 This weapon's minimum
   attack delay (0.6) is reached at skill level 12.
   Str:       It affects your strength (+6).
   Dex:       It affects your dexterity (+3).
   rF:        It protects you from fire.
   rElec:     It insulates you from electricity.
   Stlth:     It makes you less stealthy.
   It falls into the 'Staves' category.
   It is a one-handed weapon.
Jewellery
 c - a +5 ring of evasion (left hand)
 f - the ring of Wosuew {rF+ Slay+4}
   (You found it on level 12 of the Dungeon)

   [ring of slaying]

   Slay:      It affects your accuracy & damage with ranged weapons and melee
   (+4).
   rF:        It protects you from fire.
 m - the amulet of Jaexta Xeiso (around neck) {rC- rN+ Regen+ Int+5}
   (You found it on level 3 of the Crypt)

   [amulet of regeneration]

   Int:       It affects your intelligence (+5).
   rC:        It makes you vulnerable to cold.
   rN:        It protects you from negative energy.
   Regen:     It increases your rate of health regeneration.
 t - the ring "Fibo" {*Slow rPois rC+ Int+8 SInv}
   (You found it on level 5 of the Pits of Slime)

   [ring of protection from cold]

   Int:       It affects your intelligence (+8).
   rC:        It protects you from cold.
   rPois:     It protects you from poison.
   SInv:      It lets you see invisible.
   *Slow:     It may slow you when you take damage.
 A - the ring of Pigadorch {Fly rPois rF+ Str+3}
   (You bought it in a shop in a bazaar)

   [ring of protection from fire]

   Str:       It affects your strength (+3).
   rF:        It protects you from fire.
   rPois:     It protects you from poison.
   Fly:       It grants you flight.
 E - the ring "Waozu" (right hand) {Wiz Str+5 Int+3}
   (You bought it in a shop on level 1 of the Depths)

   [ring of wizardry]

   It improves your spell success rate.
   Str:       It affects your strength (+5).
   Int:       It affects your intelligence (+3).
Wands
 e - a wand of iceblast (62)
 z - a wand of paralysis (81)
 O - a wand of digging (29)
 U - a wand of light (43)
Scrolls
 h - 7 scrolls of magic mapping
 i - 14 scrolls of fog
 j - 20 scrolls of teleportation
 v - 9 scrolls of amnesia
 C - 5 scrolls of blinking
 K - 3 scrolls of fear
 Z - 7 scrolls of silence
Potions
 b - 6 potions of attraction
 k - 17 potions of mutation
 n - 3 potions of berserk rage
 o - 6 potions of heal wounds
 p - 11 potions of haste
 s - 3 potions of resistance
 x - 11 potions of might
 B - 34 potions of curing
 D - 17 potions of ambrosia
 F - 16 potions of flight
 I - 10 potions of cancellation
 J - 8 potions of magic
 P - 8 potions of brilliance
 S - 3 potions of invisibility
Miscellaneous
 N - a tin of tremorstones (2/2)


   Skills:
 + Level 25.3 Fighting
 + Level 21.6 Short Blades
 + Level 21.6 Long Blades
 + Level 21.6 Axes
 + Level 21.6 Maces & Flails
 + Level 21.6 Polearms
 + Level 21.6 Staves
 + Level 21.6 Ranged Weapons
 + Level 24.0 Throwing
 + Level 22.0 Armour
 + Level 26.5 Dodging
 + Level 21.7 Stealth
 O Level 27 Shields
 + Level 21.6 Unarmed Combat
 + Level 21.6 Spellcasting
 + Level 18.5 Conjurations
 + Level 18.5 Hexes
 + Level 18.5 Summonings
 + Level 18.5 Necromancy
 + Level 18.5 Translocations
 + Level 18.5 Transmutations
 + Level 18.5 Fire Magic
 + Level 18.5 Ice Magic
 + Level 21.2 Air Magic
 + Level 18.5 Earth Magic
 + Level 18.5 Poison Magic
 + Level 23.3 Invocations
 + Level 22.3 Evocations


You had one spell level left.
You knew the following spells:

 Your Spells              Type           Power      Damage    Failure   Level
a - Fireball              Conj/Fire      53%        3d21      0%          5
b - Ignition              Fire           53%        3d15      1%          8
c - Borgnjor's Vile Clut  Necr/Erth      65%        N/A       0%          5
d - Freezing Cloud        Conj/Ice/Air   54%        6-21      0%          5
e - Plasma Beam           Fire/Air       55%        2x1d77    1%          6
f - Lehudib's Crystal Sp  Conj/Erth      53%        10d13     1%          8
g - Maxwell's Capacitive  Air            56%        ∞         1%          8
h - Ozocubu's Refrigerat  Ice            53%        4d19      1%          7
i - Statue Form           Tmut/Erth      71%        N/A       1%          6
t - Necromutation         Tmut/Necr      65%        N/A       1%          8
x - Sublimation of Blood  Necr           100%       N/A       0%          2

Your spell library contained the following spells:

 Spells                   Type           Power      Damage    Failure   Level
 Apportation              Tloc           100%       N/A       0%          1
 Beastly Appendage        Tmut           100%       N/A       0%          1
 Foxfire                  Conj/Fire      100%       2x1d9     0%          1
 Magic Dart               Conj           100%       1d8       0%          1
 Necrotise                Necr           100%       1d9       0%          1
 Sandblast                Erth           100%       2d20      0%          1
 Summon Small Mammal      Summ           100%       N/A       0%          1
 Blink                    Tloc           100%       N/A       0%          2
 Cigotuvi's Dreadful Rot  Necr/Pois/Air  100%       N/A       0%          2
 Ensorcelled Hibernation  Hex/Ice        100%       N/A       0%          2
 Lesser Beckoning         Tloc           100%       N/A       0%          2
 Passwall                 Tmut/Erth      89%        N/A       0%          2
 Searing Ray              Conj           100%       2d8       0%          2
 Static Discharge         Conj/Air       100%       2-7/arc   0%          2
 Wereblood                Tmut           100%       N/A       0%          2
 Call Canine Familiar     Summ           100%       N/A       0%          3
 Dazzling Flash           Conj/Hex       100%       N/A       0%          3
 Frozen Ramparts          Ice            100%       1d16      0%          3
 Gell's Gravitas          Tloc           100%       N/A       0%          3
 Hailstorm                Conj/Ice       100%       3d20      0%          3
 Ignite Poison            Fire/Tmut/Pois 100%       N/A       0%          3
 Inner Flame              Hex/Fire       100%       N/A       0%          3
 Mephitic Cloud           Conj/Pois/Air  100%       N/A       0%          3
 Ozocubu's Armour         Ice            100%       N/A       0%          3
 Portal Projectile        Hex/Tloc       100%       N/A       0%          3
 Spider Form              Tmut/Pois      100%       N/A       0%          3
 Stone Arrow              Conj/Erth      100%       3d13      0%          3
 Summon Guardian Golem    Hex/Summ       100%       N/A       0%          3
 Swiftness                Air            100%       N/A       0%          3
 Teleport Other           Tloc           100%       N/A       0%          3
 Tukima's Dance           Hex            100%       N/A       0%          3
 Vampiric Draining        Necr           100%       2d13      0%          3
 Vhi's Electric Charge    Tloc/Air       100%       N/A       0%          3
 Volatile Blastmotes      Fire/Tloc      100%       2d18      0%          3
 Airstrike                Air            56%        2d(9-25)  0%          4
 Anguish                  Hex/Necr       65%        N/A       0%          4
 Animate Armour           Summ/Erth      100%       N/A       0%          4
 Cause Fear               Hex            53%        N/A       0%          4
 Dispel Undead            Necr           100%       3d31      0%          4
 Flame Wave               Conj/Fire      100%       2d21      0%          4
 Fulminant Prism          Conj/Hex       53%        3d23      0%          4
 Ice Form                 Ice/Tmut       100%       N/A       0%          4
 Iskenderun's Mystic Bla  Conj/Tloc      100%       2d19      0%          4
 Leda's Liquefaction      Hex/Erth       53%        N/A       0%          4
 Manifold Assault         Tloc           100%       N/A       0%          4
 Olgreb's Toxic Radiance  Pois           100%       N/A       0%          4
 Passage of Golubria      Tloc           100%       N/A       0%          4
 Petrify                  Tmut/Erth      100%       N/A       0%          4
 Sticky Flame             Conj/Fire      100%       2d11      0%          4
 Summon Ice Beast         Ice/Summ       100%       N/A       0%          4
 Summon Lightning Spire   Summ/Air       100%       N/A       0%          4
 Agony                    Necr           100%       N/A       0%          5
 Alistair's Intoxication  Tmut/Pois      71%        N/A       0%          5
 Arcjolt                  Conj/Air       55%        1d65      0%          5
 Blade Hands              Tmut           53%        N/A       0%          5
 Irradiate                Conj/Tmut      53%        3d29      0%          5
 Lee's Rapid Deconstruct  Erth           53%        3d25*     0%          5
 Metabolic Englaciation   Hex/Ice        53%        N/A       0%          5
 Silence                  Hex/Air        55%        N/A       0%          5
 Summon Forest            Summ/Tloc      53%        N/A       0%          5
 Summon Mana Viper        Hex/Summ       100%       N/A       0%          5
 Yara's Violent Unravell  Hex/Tmut       53%        3d20      0%          5
 Conjure Ball Lightning   Conj/Air       55%        3x3d20    1%          6
 Death Channel            Necr           65%        N/A       1%          6
 Dispersal                Tloc           53%        N/A       1%          6
 Eringya's Noxious Bog    Tmut/Pois      53%        N/A       1%          6
 Iron Shot                Conj/Erth      53%        9d10      1%          6
 Starburst                Conj/Fire      53%        6d14      1%          6
 Summon Cactus Giant      Summ           53%        N/A       1%          6
 Dragon Form              Tmut           53%        N/A       1%          7
 Enfeeble                 Hex            53%        N/A       1%          7
 Haunt                    Necr/Summ      65%        N/A       1%          7
 Malign Gateway           Summ/Tloc      53%        N/A       1%          7
 Monstrous Menagerie      Summ           53%        N/A       1%          7
 Orb of Destruction       Conj           53%        9d13      1%          7
 Spellforged Servitor     Conj/Summ      53%        N/A       1%          7
 Storm Form               Tmut/Air       55%        N/A       1%          7
 Summon Hydra             Summ           53%        N/A       1%          7
 Discord                  Hex            53%        N/A       1%          8
 Infestation              Necr           65%        N/A       1%          8
 Summon Horrible Things   Summ           53%        N/A       1%          8
 Death's Door             Necr           65%        N/A       16%         9
 Dragon's Call            Summ           53%        N/A       16%         9
 Animate Dead             Necr           Unusable   N/A       N/A         4
 Simulacrum               Ice/Necr       Unusable   N/A       N/A         6

Dungeon Overview and Level Annotations

Branches:
Dungeon (15/15)            Temple (1/1) D:6            Lair (5/5) D:9
 Shoals (4/4) Lair:3       Spider (4/4) Lair:2        Slime (5/5) Lair:5
    Orc (2/2) D:10            Elf (3/3) Orc:2        Vaults (5/5) D:14
  Crypt (3/3) Vaults:2       Tomb (0/3) Crypt:3      Depths (4/4) D:15
    Zot (5/5) Depths:4     WizLab (visited)         Gauntlet (visited)

Altars:
Ashenzari
Cheibriados
Dithmenos
Elyvilon
Fedhas
Gozag
Hepliaklqana
Kikubaaqudgha
Makhleb
Nemelex Xobeh
Okawaru
Qazlal
Ru
Sif Muna
Trog
Uskayaw
Vehumet
Wu Jian
Xom
Yredelemnul
Zin
The Shining One
Jiyva
Lugonu

Shops:
D:2 *   D:7 *[   D:14 :(   Orc:2 ?:[::   Shoals:3 (   Vaults:4 ?:[(   Zot:1 =
Depths:1 ?[**=:[[?:(   Depths:2 [=((   Depths:4 ==:

Portals:
Hell: Depths:1 Depths:2 Depths:3 Depths:4
Abyss: Lair:5 Depths:1 Depths:3
Pandemonium: Depths:2 Depths:3
Ziggurat: Depths:1

Annotations:
Depths:1 1 runed translucent door, Barug's ghost, adept TrMo
Depths:4 3 runed translucent doors, Qiwept's ghost, veteran BaIE
Zot:2 4 transporters


Innate Abilities, Weirdness & Mutations

You are an undead lich.
Your unarmed attacks are suffused with negative energy.
You are immune to unholy pain and torment.
Your necromantic spells are more powerful.
You cannot drink.
You are immune to poison.
You have very sharp teeth.
Your uncanny sense of smell can sniff out nearby items.
Your experience applies equally to all skills.
You are vulnerable to cold. (rC-)


Message History

Nacvid is lightly wounded.
You are engulfed in freezing vapours.
You resist.
You hear a croak. x2
Nacvid is engulfed in freezing vapours.
Nacvid gestures at you.
Nacvid conjures a mighty blast of ice!
The great icy blast engulfs you!!!! You partially resist.
Casting: Necromutation (mildly dangerous; 1% risk of failure)
Confirm with . or Enter, or press ? or * to list all spells.
Aiming: Lehudib's Crystal Spear (mildly dangerous; 1% risk of failure)
Press: ? - help, Shift-Dir - straight line, f - Nacvid
Aim: Nacvid (freezing vapour, lightly wounded, 43% to hit)
The crystal spear hits Nacvid!!!
Nacvid is heavily wounded.
You are engulfed in freezing vapours.
You resist. The ice encasing you melts away.
A tormentor comes into view.
Nacvid is engulfed in freezing vapours.
Nacvid gestures at you.
Nacvid conjures a mighty blast of ice!
The great icy blast engulfs you!!! You partially resist.
* * * LOW HITPOINT WARNING * * *
You are encased in ice.
You hear a roar!
Casting: Lehudib's Crystal Spear (mildly dangerous; 1% risk of failure)
Confirm with . or Enter, or press ? or * to list all spells.
Aiming: Lehudib's Crystal Spear (mildly dangerous; 1% risk of failure)
Press: ? - help, Shift-Dir - straight line, f/p - Nacvid
Aim: Nacvid (freezing vapour, heavily wounded, 43% to hit)
The crystal spear hits Nacvid!!!
Nacvid is severely wounded.
You are engulfed in freezing vapours.
You resist.
Nacvid is engulfed in freezing vapours.
You block Nacvid's attack.
A neqoxec comes into view.
A soul eater comes into view.
Nacvid is engulfed in freezing vapours.
Nacvid gestures at you.
Nacvid conjures a mighty blast of ice!
The great icy blast engulfs you!!! You partially resist.
You die...
Your body crumbles into a pile of gold.

########################
........................
...[..§§§§○☼☼...........
.....°☼§°§☼○☼..#####..##
.....§☼§○☼☼§☼..#...'..#
.....§§☼§§§☼☼..#...#..#
......§§§§§§§..#...#..#
.#
......§L§§§☼§..#...#..#
..#
######&######..#...#..#
..# #. #..'...#..# ..# .
..# .≈ ∆#..#####..##
..##'##..# .#3
#........... .........#
3≈.≈ #...........
.........# .# #2
#..#########
#####'#..#.§ §3
∆#..#........ '.....#..#
#..#........


You could see Nacvid, 2 soul eaters, a tormentor and a neqoxec.

Vanquished Creatures
  the Royal Jelly (Slime:5)
  Dissolution (Slime:3)
  A dread lich (Zot:5)
  8 orbs of fire
  9 ancient liches
  Tiamat (Zot:1)
  A juggernaut (Depths:3)
  Frederick (Vaults:2)
  6 Killer Klowns
  Bai Suzhen (Vaults:2)
  2 caustic shrikes
  Margery (Vaults:2)
  3 curse toes
  Xtahua (Vaults:5)
  2 pandemonium lords (Pan)
  16 golden dragons
  2 profane servitors (Abyss:3)
  A Tzitzimitl (Zot:1)
  3 electric golems
  9 bone dragons
  Jorgrun (D:15)
  3 doom hounds (Zot:1)
  23 tentacled monstrosities
  6 liches
  2 walking earthen tomes (Depths:2)
  A shard shrike skeleton (Abyss:3)
  A Hell Sentinel (Abyss:4)
  3 deep elf blademasters
  5 quicksilver dragons
  25 Orb Guardians (Zot:5)
  Asterion (Elf:2)
  Grunn (Zot:1)
  6 titans
  2 deep elf master archers (Elf:3)
  5 Executioners
  24 acid blobs
  Polyphemus (Shoals:4)
  An eldritch tentacle (WizLab)
  8 ancient champions
  3 sphinxes
  8 death cobs
  6 shadow dragons
  28 tentacled starspawn
  19 storm dragons
  11 tengu reavers
  4 draconian monks
  21 rockslimes
  3 daevas
  The ghost of Lightningsun the Warrior, a journeyman MiBe of Trog (Elf:2)
  The ghost of Witt the Fighter, an adept GrFi of Ashenzari (Shoals:1)
  4 revenants
  10 azure jellies
  Ilsuiw (Shoals:2)
  8 fire giants
  6 emperor scorpions (Spider:4)
  A demonspawn warmonger (Pan)
  7 draconian knights
  3 balrugs
  An emperor scorpion (shapeshifter) (Vaults:5)
  4 draconian scorchers
  4 deep elf sorcerers
  An angel (Abyss:4)
  5 iron dragons
  17 vault wardens
  A caustic shrike zombie (Crypt:2)
  8 draconian annihilators
  6 draconian stormcallers
  8 ghost moths
  6 draconian shifters
  A deep elf elementalist (Elf:3)
  3 orc warlords
  7 frost giants
  17 ironbound preservers
  2 curse skulls
  A caustic shrike skeleton (Depths:3)
  A spriggan defender (Depths:2)
  A war gargoyle (Vaults:5)
  A demonspawn corrupter (Pan)
  12 ghouls
  A demonspawn blood saint (Pan)
  A broodmother (Spider:2)
  37 very ugly things
  A broodmother (shapeshifter) (Depths:2)
  A cacodemon (Pan)
  12 quicksilver oozes
  4 ironbound thunderhulks
  21 stone giants
  A juggernaut skeleton (Crypt:3)
  A stone giant (shapeshifter) (Lair:5)
  10 vampire knights
  3 reapers
  13 red draconians
  14 black draconians
  A starflower (Abyss:3)
  9 green draconians
  8 deep elf demonologists
  5 lorocyprocas
  A demonspawn black sun (Pan)
  16 dire elephants
  13 yellow draconians
  12 white draconians
  6 deep elf annihilators
  A minotaur (Gauntlet)
  A bunyip (Abyss:3)
  5 purple draconians
  2 eleionomae (Shoals:2)
  3 blizzard demons
  4 spark wasps
  6 green deaths
  3 merfolk javelineers
  9 deep elf death magi
  7 eidola
  9 ettins
  8 merfolk impalers
  6 entropy weavers
  4 fire dragons
  2 crystal guardians (Vaults:1)
  An acid blob zombie (Crypt:1)
  7 deep elf high priests
  3 entropy weavers (shapeshifter)
  7 rakshasas
  A spriggan zombie (Crypt:2)
  13 jiangshi
  Harold (D:11)
  35 vault guards
  14 great orbs of eyes
  7 hydras
  A hydra (shapeshifter) (Depths:4)
  6 ice dragons
  2 radroaches (Spider:1)
  A peacekeeper (Vaults:1)
  17 yaktaur captains
  2 juggernaut simulacra (Depths:3)
  2 death knights
  6 catoblepae
  4 ogre magi
  4 spriggan skeletons
  6 spriggan air magi
  3 merfolk avatars
  3 merfolk aquamancers (Shoals:4)
  15 centaur warriors
  9 ironbound frosthearts
  6 jorogumos
  19 two-headed ogres
  A boulder beetle (shapeshifter) (D:14)
  A hell beast (Depths:3)
  A catoblepas (shapeshifter) (Vaults:5)
  2 alligator snapping turtles (Shoals:4)
  10 boulder beetles
  6 death yaks
  5 deep troll shamans
  7 satyrs
  7 tengu warriors
  A bennu skeleton (Crypt:2)
  11 deep troll earth magi
  3 hell hogs (Abyss:3)
  37 thrashing horrors
  8 vampire magi
  The ghost of PurpleRed the Prestidigitator, a novice GnAr of Gozag (D:10)
  27 dancing weapons
  3 naga warriors
  3 spriggan berserkers
  16 soul eaters
  11 sun demons
  Sonja (Lair:4)
  26 hell knights
  14 deep elf knights
  24 wretched stars
  Amaemon (Lair:3)
  8 sixfirhies
  3 iron trolls
  35 skeletal warriors
  2 sun moths (Spider:1)
  63 large abominations
  6 pharaoh ants
  A quicksilver dragon simulacrum (Crypt:2)
  3 shadow demons
  2 spatial maelstroms (Abyss:3)
  6 skysharks
  A storm dragon skeleton (Crypt:2)
  12 sea snakes
  2 shadow wraiths
  A golden dragon zombie (Depths:3)
  52 deep trolls
  14 glowing orange brains
  A deep troll (shapeshifter) (D:15)
  3 deep elf archers
  10 flayed ghosts
  22 ironbound convokers
  An obsidian statue (WizLab)
  An orange crystal statue (Depths:3)
  8 necromancers
  3 bunyip skeletons
  3 bog bodies (Crypt:2)
  10 orc knights
  9 lindwurms
  11 wizards
  16 orb spiders
  18 phantasmal warriors
  9 harpies
  49 starcursed masses
  6 steelbarb worms
  18 wolf spiders
  2 jorogumo zombies
  The ghost of PurpleRed the Destroyer, a novice TeEn (D:7)
  21 deep elf pyromancers
  3 orc sorcerers
  A tengu skeleton (Depths:3)
  27 deep elf zephyrmancers
  11 cyclopes
  49 ugly things
  5 shining eyes
  3 salamanders
  24 manticores
  A fire giant zombie (Vaults:2)
  A moth of wrath (shapeshifter) (Depths:2)
  11 elephants
  6 worldbinders
  23 moths of wrath
  2 elephants (shapeshifter)
  25 fauns
  22 vault sentinels
  4 black mambas
  26 smoke demons
  6 apocalypse crabs
  A guardian serpent (shapeshifter) (D:13)
  6 guardian serpents
  3 human skeletons
  16 merfolk sirens
  A stone giant skeleton (Crypt:1)
  5 eyes of devastation
  9 demonic crawlers
  An ice statue (Gauntlet)
  A fire giant skeleton (Depths:3)
  7 water nymphs
  3 torpor snails (Spider:4)
  8 unseen horrors
  2 naga magi (Abyss:3)
  9 orange demons
  2 gargoyles
  A rust devil (Depths:2)
  2 dire elephant zombies
  17 cane toads
  A dire elephant skeleton (Abyss:3)
  A torpor snail (shapeshifter) (Depths:2)
  An unseen horror (shapeshifter) (Lair:5)
  A redback zombie (Crypt:3)
  2 hellions
  4 rime drakes
  A bunyip simulacrum (Abyss:2)
  A guardian mummy (Crypt:3)
  6 tormentors
  An alligator snapping turtle skeleton (Abyss:1)
  4 freezing wraiths
  8 tengu conjurers
  5 ice devils
  An efreet (Abyss:2)
  An elf skeleton (WizLab)
  7 komodo dragons
  25 yaktaurs
  7 wind drakes
  19 ancient zymes
  19 trolls
  10 hellwings
  10 meliai
  2 harpy zombies
  A tengu simulacrum (Depths:3)
  28 merfolk
  A silent spectre (Abyss:3)
  A hornet (shapeshifter) (Vaults:2)
  A queen bee (D:14)
  2 red devils (Pan)
  A tarantella (shapeshifter) (Elf:3)
  A moth of wrath zombie (Crypt:1)
  2 polar bears
  An iron troll skeleton (Crypt:2)
  A sphinx simulacrum (Vaults:2)
  2 harpy skeletons
  A hornet (D:10)
  A hydra skeleton (Crypt:3)
  28 tarantellas
  Grinder (D:4)
  39 raiju
  30 blink frogs
  65 small abominations
  A fire dragon zombie (Crypt:2)
  A jumping spider (shapeshifter) (Vaults:5)
  16 dream sheep
  2 raiju (shapeshifter)
  2 ettin skeletons
  23 jumping spiders
  An air elemental (Elf:2)
  Sigmund (D:2)
  7 snapping turtles
  A black mamba zombie (Crypt:2)
  A centaur simulacrum (D:10)
  A spriggan (Lair:5)
  6 shadows
  30 culicivoras
  23 flying skulls
  22 ynoxinuls
  4 wyverns
  A fire bat (Abyss:3)
  111 slime creatures
  2 vampires (Crypt:3)
  19 water elementals
  4 fire elementals
  A spriggan (shapeshifter) (D:15)
  Eustachio (D:4)
  9 wraiths
  6 basilisks
  14 golden eyes
  2 golden eyes (shapeshifter)
  20 chaos spawn
  42 yaks
  72 redbacks
  7 vampire mosquitoes
  23 neqoxecs
  5 steam dragons
  A glowing shapeshifter zombie (Depths:3)
  6 wargs
  A demonspawn zombie (Crypt:3)
  10 nagas
  2 acid dragons (D:13)
  8 spatial vortices
  A water moccasin (shapeshifter) (Abyss:2)
  A swamp worm (shapeshifter) (Vaults:2)
  A merfolk skeleton (Crypt:3)
  2 floating eyes
  16 water moccasins
  A demonspawn skeleton (Crypt:3)
  A fire bat skeleton (Crypt:1)
  5 hell hounds
  5 ice beasts
  7 sky beasts
  26 orc warriors
  An elephant zombie (Crypt:3)
  A black bear (D:5)
  A human zombie (Vaults:2)
  10 centaurs
  21 ogres
  A boggart (Gauntlet)
  A torpor snail zombie (Crypt:3)
  3 phantoms (D:5)
  17 wolves
  7 kobold brigands
  Blork the orc (D:5)
  14 bullfrogs
  A water moccasin zombie (Crypt:3)
  6 necrophages
  6 earth elementals
  A gnoll sergeant (D:9)
  6 wights
  6 scorpions
  A water moccasin skeleton (Crypt:2)
  30 killer bees
  A killer bee (shapeshifter) (Vaults:2)
  2 howler monkeys
  2 crimson imps
  4 jellies
  3 hounds
  A jelly (shapeshifter) (Abyss:3)
  8 quasits
  6 iron imps
  20 orc priests
  Ijyb (D:5)
  2 iguanas
  18 orc wizards
  5 hell rats (Lair:5)
  12 mummies (Crypt:3)
  12 adders
  8 gnolls
  3 river rats (Lair:3)
  2 shadow imps
  12 white imps
  8 ufetubi
  A jelly zombie (Crypt:2)
  A worm zombie (Crypt:2)
  A worm (shapeshifter) (Depths:2)
  5 dart slugs
  A dart slug (shapeshifter) (Vaults:2)
  103 orcs
  6 ball pythons
  7 endoplasms
  5 giant cockroaches
  7 goblins
  9 hobgoblins
  41 kobolds
  A quokka (D:2)
  5 bats
  6 frilled lizards
  A frilled lizard skeleton (Crypt:1)
  A frilled lizard zombie (Crypt:1)
  A giant cockroach zombie (Crypt:1)
  A hobgoblin skeleton (Crypt:3)
  An orc skeleton (Crypt:2)
  8 rats
  3 lurking horrors (Abyss:3)
  25 starspawn tentacles
3325 creatures vanquished.

Vanquished Creatures (collateral kills)
  A deep elf death mage (Elf:3)
  A deep elf knight (Elf:2)
2 creatures vanquished.

Vanquished Creatures (others)
  An ironbound preserver (Vaults:4)
  A demonspawn blood saint (Pan)
  A merfolk aquamancer (Shoals:1)
  3 centaur warriors
  A deep troll (Depths:4)
  A deep elf pyromancer (Elf:1)
  A necromancer (Depths:4)
  A deep elf zephyrmancer (Elf:2)
  A faun (Shoals:3)
  A merfolk siren (Shoals:1)
  An unseen horror (D:13)
  A cane toad (Lair:5)
  A culicivora (Spider:3)
  5 golden eyes (Abyss:3)
  An orc warrior (Orc:2)
  2 small abominations
  2 quasits
  A jelly (Abyss:3)
  An ufetubus (Abyss:2)
  An orc (D:6)
  A bush (Abyss:3)
  18 demonic plants
  34 fungi
  2 lurking horrors
  109 plants
  2 spectral weapons
  38 starspawn tentacles
232 creatures vanquished.

Grand Total: 3559 creatures vanquished

Notes
Turn   | Place    | Note
-------+----------+-------------------------------------------
     0 | D:1      | PurpleRed the Gnoll Artificer began the quest for the Orb.
     0 | D:1      | Reached XP level 1. HP: 17/17 MP: 1/1
   196 | D:1      | Reached XP level 2. HP: 21/23 MP: 2/2
   536 | D:1      | Reached XP level 3. HP: 24/28 MP: 3/3
   712 | D:2      | Found Oxzann's Assorted Antiques.
   828 | D:2      | Reached skill level 1 in Invocations
   950 | D:2      | Reached skill level 1 in Short Blades
   950 | D:2      | Reached skill level 1 in Long Blades
   950 | D:2      | Reached skill level 1 in Axes
   950 | D:2      | Reached skill level 1 in Maces & Flails
   950 | D:2      | Reached skill level 1 in Polearms
   950 | D:2      | Reached skill level 1 in Staves
   950 | D:2      | Reached skill level 1 in Ranged Weapons
   950 | D:2      | Reached skill level 1 in Throwing
   950 | D:2      | Reached skill level 1 in Shields
   950 | D:2      | Reached skill level 1 in Unarmed Combat
   950 | D:2      | Reached skill level 1 in Spellcasting
  1028 | D:2      | Reached XP level 4. HP: 34/34 MP: 5/5
  1184 | D:2      | Found a faded altar of an unknown god.
  1194 | D:2      | Noticed Sigmund
  1196 | D:2      | Reached skill level 1 in Conjurations
  1196 | D:2      | Reached skill level 1 in Hexes
  1196 | D:2      | Reached skill level 1 in Summonings
  1196 | D:2      | Reached skill level 1 in Necromancy
  1196 | D:2      | Reached skill level 1 in Translocations
  1196 | D:2      | Reached skill level 1 in Transmutations
  1196 | D:2      | Reached skill level 1 in Fire Magic
  1196 | D:2      | Reached skill level 1 in Ice Magic
  1196 | D:2      | Reached skill level 1 in Air Magic
  1196 | D:2      | Reached skill level 1 in Earth Magic
  1196 | D:2      | Reached skill level 1 in Poison Magic
  1217 | D:2      | Killed Sigmund
  1218 | D:2      | Reached XP level 5. HP: 10/41 MP: 5/7
  1218 | D:2      | Reached XP level 6. HP: 12/47 MP: 5/8
  1565 | D:3      | Reached skill level 5 in Armour
  1587 | D:3      | Reached skill level 2 in Shields
  2015 | D:4      | Noticed Eustachio
  2035 | D:4      | Killed Eustachio
  2036 | D:4      | Reached XP level 7. HP: 20/52 MP: 10/10
  2630 | D:4      | Noticed Grinder
  2636 | D:4      | Killed Grinder
  2738 | D:4      | You fall into a shaft and drop 3 floors!
  2800 | D:7      | Reached skill level 3 in Shields
  2841 | D:7      | Reached XP level 8. HP: 60/60 MP: 12/12
  2915 | D:7      | Found Zin's Purification Station.
  2917 | D:7      | Found a glowing silver altar of Zin.
  3073 | D:7      | Found Deseiplu's Antique Armour Shop.
  3178 | D:7      | Found an iron altar of Okawaru.
  3478 | D:6      | Found a staircase to the Ecumenical Temple.
  3492 | Temple   | Entered the Ecumenical Temple
  3527 | Temple   | Became a worshipper of Gozag Ym Sagoz the Greedy
  3556 | D:5      | Entered Level 5 of the Dungeon
  3556 | D:5      | Noticed Blork the orc
  3783 | D:6      | Learned a level 3 spell: Hailstorm
  3805 | D:6      | Reached XP level 9. HP: 67/67 MP: 14/14
  3821 | D:6      | Reached skill level 4 in Shields
  3842 | D:6      | Found a bloodstained altar of Trog.
  3955 | D:5      | Noticed Ijyb
  3964 | D:5      | Killed Ijyb
  3996 | D:5      | Reached skill level 5 in Fighting
  3996 | D:5      | Reached skill level 5 in Dodging
  4084 | D:5      | Found a radiant altar of Vehumet.
  4084 | D:5      | Found a shimmering altar of Xom.
  4152 | D:5      | Killed Blork the orc
  4156 | D:5      | Reached skill level 5 in Stealth
  4407 | D:5      | Reached skill level 5 in Invocations
  4413 | D:5      | Found a blossoming altar of Fedhas.
  4572 | D:5      | Found an ornate altar of the Wu Jian Council.
  4702 | D:5      | Found a stormy altar of Qazlal.
  5382 | D:6      | Noticed a deep elf pyromancer
  5393 | D:6      | Killed a deep elf pyromancer
  5891 | D:7      | Reached skill level 5 in Short Blades
  5891 | D:7      | Reached skill level 5 in Long Blades
  5891 | D:7      | Reached skill level 5 in Axes
  5891 | D:7      | Reached skill level 5 in Maces & Flails
  5891 | D:7      | Reached skill level 5 in Polearms
  5891 | D:7      | Reached skill level 5 in Staves
  5891 | D:7      | Reached skill level 5 in Ranged Weapons
  5891 | D:7      | Reached skill level 5 in Throwing
  5891 | D:7      | Reached skill level 5 in Shields
  5891 | D:7      | Reached skill level 5 in Unarmed Combat
  5891 | D:7      | Reached skill level 5 in Spellcasting
  5891 | D:7      | Reached XP level 10. HP: 59/76 MP: 17/17
  6124 | D:7      | Found a runed translucent door.
  6131 | D:7      | Noticed PurpleRed's ghost (novice TeEn)
  6351 | D:7      | Killed PurpleRed's ghost
  6690 | D:8      | Learned a level 3 spell: Stone Arrow
  6804 | D:7      | Bought the +3 Mad Mage's Maulers {Infuse+∞ VampMP -Cast}
                  | for 800 gold pieces
  6804 | D:7      | Found the +3 Mad Mage's Maulers {Infuse+∞ VampMP -Cast}
  6942 | D:8      | Found a shimmering blue altar of Sif Muna.
  6942 | D:8      | Found a basalt altar of Yredelemnul.
  7339 | D:8      | Found a sparkling altar of Nemelex Xobeh.
  7508 | D:7      | Bought a helmet for 90 gold pieces
  7508 | D:7      | Bought a pair of boots for 90 gold pieces
  7519 | D:7      | Identified a scroll of acquirement
  7519 | D:7      | Acquired the ring "Doiv Gith" {MP+9 Dex+2}
  7904 | D:9      | Found a snail-covered altar of Cheibriados.
  7971 | D:9      | Reached skill level 6 in Shields
  7971 | D:9      | Found a staircase to the Lair.
  7993 | D:9      | Reached skill level 5 in Conjurations
  7993 | D:9      | Reached skill level 5 in Hexes
  7993 | D:9      | Reached skill level 5 in Summonings
  7993 | D:9      | Reached skill level 5 in Necromancy
  7993 | D:9      | Reached skill level 5 in Translocations
  7993 | D:9      | Reached skill level 5 in Transmutations
  7993 | D:9      | Reached skill level 5 in Fire Magic
  7993 | D:9      | Reached skill level 5 in Ice Magic
  7993 | D:9      | Reached skill level 5 in Air Magic
  7993 | D:9      | Reached skill level 5 in Earth Magic
  7993 | D:9      | Reached skill level 5 in Poison Magic
  8058 | D:9      | Reached XP level 11. HP: 69/83 MP: 2/20
  8450 | D:2      | Bought a pitted leather armour for 161 gold pieces
  8450 | D:2      | Identified the +1 leather armour of Uskayaw's Delight
                  | {rElec rC++ rCorr Dex+4} (You bought it in a shop on level
                  | 2 of the Dungeon)
  8572 | D:10     | Entered Level 10 of the Dungeon
  8597 | D:10     | Found a runed translucent gate.
  8597 | D:10     | Found a runed translucent gate.
  8597 | D:10     | Found a runed translucent gate.
  8672 | D:10     | Noticed PurpleRed's ghost (novice GnAr)
  8792 | D:10     | Found a hide-covered altar of Uskayaw.
  9015 | D:10     | Found a staircase to the Orcish Mines.
  9788 | D:10     | Killed PurpleRed's ghost
 10011 | D:11     | Noticed a cyan ugly thing
 10037 | D:11     | Killed a cyan ugly thing
 10337 | D:11     | Noticed a cyclops
 10351 | D:11     | Killed a cyclops
 10400 | D:11     | Noticed a two-headed ogre
 10414 | D:11     | Noticed a boulder beetle
 10435 | D:11     | Killed a boulder beetle
 10675 | D:11     | Killed a two-headed ogre
 10676 | D:11     | Reached skill level 7 in Shields
 10679 | D:11     | Noticed Harold
 10940 | D:11     | Identified the +4 falchion of the Hungering Gods
                  | {antimagic, Fragile rF+ rCorr Dex+3}
 10951 | D:11     | Killed Harold
 10952 | D:11     | Reached XP level 12. HP: 92/92 MP: 10/22
 11508 | D:12     | Identified the ring of Wosuew {rF+ Slay+4}
 11866 | D:12     | Noticed a seven-headed hydra
 11886 | D:12     | Killed a seven-headed hydra
 11887 | D:12     | Reached skill level 10 in Evocations
 12065 | D:12     | Found the +1 robe of Vines {NoPotionHeal Regen++++}
 12150 | D:12     | Noticed a two-headed ogre
 12154 | D:12     | Killed a two-headed ogre
 13022 | Lair:1   | Entered Level 1 of the Lair of Beasts
 13917 | Lair:2   | Noticed a five-headed hydra
 13920 | Lair:2   | Killed a five-headed hydra
 14322 | Lair:2   | Reached skill level 8 in Shields
 14391 | Lair:2   | Found a hole to the Spider Nest.
 14427 | Lair:2   | Reached XP level 13. HP: 43/99 MP: 1/25
 14764 | Lair:2   | Identified the +6 scale mail of Courage {rCorr Int-5 Dex+3}
 15180 | Lair:2   | Found the +3 pair of seven-league boots {Rampage+∞}
 16472 | Lair:3   | Noticed Amaemon
 16477 | Lair:3   | Killed Amaemon
 16478 | Lair:3   | Reached skill level 10 in Armour
 16653 | Lair:3   | Found a staircase to the Shoals.
 17287 | Lair:3   | Reached skill level 9 in Shields
 17884 | Lair:3   | Reached XP level 14. HP: 108/108 MP: 10/27
 17912 | Lair:3   | Reached skill level 10 in Invocations
 18314 | Lair:4   | Noticed Sonja
 18322 | Lair:4   | Killed Sonja
 18802 | Lair:4   | You fall into a shaft and drop 1 floor!
 18802 | Lair:5   | Entered Level 5 of the Lair of Beasts
 19655 | Lair:5   | Reached skill level 10 in Fighting
 19655 | Lair:5   | Reached skill level 10 in Dodging
 19662 | Lair:5   | Noticed a stone giant
 19679 | Lair:5   | Killed a stone giant
 19910 | Lair:5   | Reached skill level 10 in Stealth
 20369 | Lair:5   | Found a corrupted altar of Lugonu.
 20369 | Lair:5   | Found a one-way gate to the infinite horrors of the Abyss.
 20613 | Lair:5   | Found a staircase to the Slime Pits.
 20613 | Lair:5   | Found a viscous altar of Jiyva.
 20854 | Lair:5   | Reached skill level 10 in Short Blades
 20854 | Lair:5   | Reached skill level 10 in Long Blades
 20854 | Lair:5   | Reached skill level 10 in Axes
 20854 | Lair:5   | Reached skill level 10 in Maces & Flails
 20854 | Lair:5   | Reached skill level 10 in Polearms
 20854 | Lair:5   | Reached skill level 10 in Staves
 20854 | Lair:5   | Reached skill level 10 in Ranged Weapons
 20854 | Lair:5   | Reached skill level 10 in Throwing
 20854 | Lair:5   | Reached skill level 10 in Shields
 20854 | Lair:5   | Reached skill level 10 in Unarmed Combat
 20854 | Lair:5   | Reached skill level 10 in Spellcasting
 21209 | Lair:5   | Reached XP level 15. HP: 117/117 MP: 4/29
 23336 | D:13     | Found a shimmering altar of Xom.
 24423 | D:14     | Found a gate to the Vaults.
 24536 | D:14     | Found a gate leading to a gauntlet.
 24556 | Gauntlet | Entered a Gauntlet
 24556 | Gauntlet | Found a transporter.
 24556 | Gauntlet | Found a transporter.
 24556 | Gauntlet | Found a runed translucent door.
 24597 | Gauntlet | Found a transporter.
 24598 | Gauntlet | Found a transporter.
 24606 | Gauntlet | Found a transporter.
 24610 | Gauntlet | Found a transporter.
 24626 | Gauntlet | Found a transporter.
 24634 | Gauntlet | Found a transporter.
 24649 | Gauntlet | Found a transporter.
 24653 | Gauntlet | Found a transporter.
 24661 | Gauntlet | Found a transporter.
 24665 | Gauntlet | Found a transporter.
 24669 | Gauntlet | Found a runed translucent door.
 24956 | Gauntlet | Identified the +1 pair of gloves of Shielding {rPois Int+4
                  | Stlth-}
 25016 | Gauntlet | Identified the staff of death "Juaci" {rPois rN+ Str+3
                  | Stlth-}
 25016 | Gauntlet | Identified the +5 lajatang of Triumph {vamp, rF+ Int+3
                  | SInv}
 25975 | D:14     | Found an iron altar of Okawaru.
 26044 | D:14     | Identified the +1 helmet of Hide-and-Seek {rPois Will+
                  | Str+4}
 26329 | D:15     | Entered Level 15 of the Dungeon
 26623 | D:15     | Found a staircase to the Depths.
 26647 | D:15     | Reached XP level 16. HP: 125/125 MP: 3/30
 26670 | D:15     | Reached skill level 11 in Shields
 26691 | D:15     | Noticed Jorgrun
 26897 | Orc:1    | Entered Level 1 of the Orcish Mines
 28030 | Orc:2    | Entered Level 2 of the Orcish Mines
 28604 | Orc:2    | Found Zawiypo's Book Shoppe.
 28796 | Orc:2    | Found Dyeperoha's Armour Boutique.
 28802 | Orc:2    | Found Leunnipy's Book Emporium.
 28803 | Orc:2    | Found Tydooj's Magic Scroll Shoppe.
 28816 | Orc:2    | Bought a scroll of teleportation for 48 gold pieces
 28816 | Orc:2    | Bought a scroll of blinking for 120 gold pieces
 28989 | Orc:2    | Found a staircase to the Elven Halls.
 29113 | Orc:2    | Found Edosink's Self-Improvement Boutique.
 29124 | Orc:2    | Bought a manual of Shields for 1040 gold pieces
 30121 | D:15     | Killed Jorgrun
 30403 | D:14     | Bought a slimy scimitar for 279 gold pieces
 30403 | D:14     | Identified the +7 scimitar of Joyful Slaughter {heavy, rN+
                  | Will++ MP-9 Dex+3 SInv} (You bought it in a shop on level
                  | 14 of the Dungeon)
 30403 | D:14     | Bought a dazzling great sword for 356 gold pieces
 30403 | D:14     | Identified the +0 great sword of Objectivity {elec, Dex+3}
                  | (You bought it in a shop on level 14 of the Dungeon)
 30410 | D:14     | Bought a runed battleaxe for 294 gold pieces
 30416 | D:14     | Bought a Trismegistus Codex for 364 gold pieces
 30599 | Shoals:1 | Entered Level 1 of the Shoals
 30647 | Spider:1 | Entered Level 1 of the Spider Nest
 30800 | Spider:1 | Learned a level 5 spell: Borgnjor's Vile Clutch
 30806 | Spider:1 | Learned a level 5 spell: Freezing Cloud
 30987 | Spider:1 | Learned a level 6 spell: Plasma Beam
 30989 | Spider:1 | Identified the +0 ring mail of Foolhardiness {Will+ Str+4
                  | Slay+3}
 31122 | Spider:1 | Reached skill level 12 in Shields
 31125 | Spider:1 | Reached XP level 17. HP: 133/133 MP: 20/32
 31700 | Spider:2 | Reached skill level 10 in Conjurations
 31700 | Spider:2 | Reached skill level 10 in Hexes
 31700 | Spider:2 | Reached skill level 10 in Summonings
 31700 | Spider:2 | Reached skill level 10 in Necromancy
 31700 | Spider:2 | Reached skill level 10 in Translocations
 31700 | Spider:2 | Reached skill level 10 in Transmutations
 31700 | Spider:2 | Reached skill level 10 in Fire Magic
 31700 | Spider:2 | Reached skill level 10 in Ice Magic
 31700 | Spider:2 | Reached skill level 10 in Air Magic
 31700 | Spider:2 | Reached skill level 10 in Earth Magic
 31700 | Spider:2 | Reached skill level 10 in Poison Magic
 33594 | Spider:3 | Reached skill level 13 in Shields
 33999 | Spider:4 | Entered Level 4 of the Spider Nest
 34618 | Spider:4 | Reached XP level 18. HP: 135/142 MP: 34/34
 36024 | Spider:4 | Got a gossamer rune of Zot
 36463 | Shoals:1 | Found a runed translucent gate.
 36465 | Shoals:1 | Found a runed translucent gate.
 36467 | Shoals:1 | Found a runed translucent gate.
 36496 | Shoals:1 | Noticed Witt's ghost (adept GrFi)
 36573 | Shoals:1 | Reached skill level 14 in Shields
 36866 | Shoals:1 | Reached skill level 15 in Dodging
 37136 | Shoals:1 | Killed Witt's ghost
 37183 | Shoals:1 | Identified the +1 pair of boots of Idedoryg {Str+3}
 37354 | Shoals:2 | Noticed Ilsuiw
 37368 | Shoals:2 | Killed Ilsuiw
 38437 | Shoals:3 | Found Emiconoy's Weapon Emporium.
 38481 | Shoals:3 | Bought the +8 mithril axe "Arga" {speed, Will+} for 1162
                  | gold pieces
 38481 | Shoals:3 | Found the +8 mithril axe "Arga" {speed, Will+}
 38596 | Shoals:3 | Reached XP level 19. HP: 51/150 MP: 36/36
 39153 | Shoals:4 | Entered Level 4 of the Shoals
 39458 | Shoals:4 | Identified the ring of Xom's Fair Game {Int+2 Dex+6}
 39527 | Shoals:4 | Learned a level 6 spell: Starburst
 39537 | Shoals:4 | Reached skill level 15 in Shields
 39851 | Shoals:4 | Noticed Polyphemus
 39871 | Shoals:4 | Killed Polyphemus
 41068 | Shoals:4 | Got a barnacled rune of Zot
 41169 | Shoals:4 | Reached skill level 15 in Evocations
 41449 | Vaults:1 | Entered Level 1 of the Vaults
 41730 | Vaults:1 | Found a magical portal.
 41751 | WizLab   | Entered The Roulette of Golubria
 41751 | WizLab   | Found a transporter.
 41756 | WizLab   | Found the +1 cloak of Starlight {*Dazzle EV+4 Stlth--}
 41756 | WizLab   | Found the +2 cloak of the Thief {*Fog Slay-2 SInv Stlth+}
 41756 | WizLab   | Found a corrupted altar of Lugonu.
 41770 | WizLab   | Found a transporter.
 41875 | WizLab   | Found a transporter.
 41901 | WizLab   | Found a transporter.
 41931 | WizLab   | Found a corrupted altar of Lugonu.
 42071 | WizLab   | Found a transporter.
 42085 | WizLab   | Found a transporter.
 42100 | WizLab   | Found a transporter.
 42118 | WizLab   | Found a transporter.
 42153 | WizLab   | Found a transporter.
 42204 | WizLab   | Found a transporter.
 42278 | WizLab   | Found a transporter.
 42372 | WizLab   | Found a transporter.
 42408 | WizLab   | Found a transporter.
 42408 | WizLab   | Found a transporter.
 42427 | WizLab   | Reached skill level 15 in Invocations
 42445 | WizLab   | Got Golubria's Vademecum on Distance
 42453 | WizLab   | Learned a level 4 spell: Iskenderun's Mystic Blast
 42459 | WizLab   | Found a transporter.
 42478 | WizLab   | Got the Annotations on the Voyage
 42504 | WizLab   | Found a transporter.
 42504 | WizLab   | Found a transporter.
 42567 | WizLab   | Found a transporter.
 42628 | WizLab   | Identified the +0 cloak "Hero's Friend" {-Cast rPois rN+
                  | Str+2}
 42920 | Vaults:1 | Reached XP level 20. HP: 143/159 MP: 37/37
 43126 | Vaults:1 | Reached skill level 16 in Shields
 43694 | Vaults:2 | Noticed Bai Suzhen
 43712 | Vaults:2 | Killed Bai Suzhen
 43850 | Vaults:2 | Found a staircase to the Crypt.
 43874 | Vaults:2 | Noticed Frederick
 43898 | Vaults:2 | Killed Frederick
 44179 | Vaults:2 | Noticed Margery
 44190 | Vaults:2 | Killed Margery
 44453 | Vaults:2 | Reached skill level 15 in Armour
 45091 | Vaults:2 | Reached skill level 17 in Shields
 45666 | Vaults:3 | Reached XP level 21. HP: 166/167 MP: 39/39
 46262 | Vaults:3 | Reached skill level 15 in Fighting
 46314 | Vaults:3 | Reached skill level 15 in Stealth
 47528 | Vaults:4 | Found Gaddix's Book Shoppe.
 47547 | Vaults:4 | Reached skill level 15 in Short Blades
 47547 | Vaults:4 | Reached skill level 15 in Long Blades
 47547 | Vaults:4 | Reached skill level 15 in Axes
 47547 | Vaults:4 | Reached skill level 15 in Maces & Flails
 47547 | Vaults:4 | Reached skill level 15 in Polearms
 47547 | Vaults:4 | Reached skill level 15 in Staves
 47547 | Vaults:4 | Reached skill level 15 in Ranged Weapons
 47547 | Vaults:4 | Reached skill level 15 in Throwing
 47547 | Vaults:4 | Reached skill level 15 in Unarmed Combat
 47547 | Vaults:4 | Reached skill level 15 in Spellcasting
 47746 | Vaults:4 | Found Jopyll's Armour Boutique.
 47756 | Vaults:4 | Bought a book of Fire for 616 gold pieces
 47762 | Vaults:4 | Learned a level 5 spell: Fireball
 47770 | Vaults:4 | Learned a level 7 spell: Ozocubu's Refrigeration
 47782 | Vaults:4 | Found Xufuxt's Weapon Shoppe.
 48019 | Vaults:4 | Found Biocir's Magic Scroll Boutique.
 48023 | Vaults:4 | Bought a scroll of magic mapping for 120 gold pieces
 48023 | Vaults:4 | Bought 3 scrolls of teleportation for 144 gold pieces
 48023 | Vaults:4 | Bought a scroll of magic mapping for 120 gold pieces
 48628 | Vaults:5 | Entered Level 5 of the Vaults
 48635 | Vaults:5 | Reached skill level 18 in Shields
 48639 | Vaults:5 | Reached XP level 22. HP: 127/176 MP: 4/41
 48948 | Vaults:5 | Noticed Xtahua
 48962 | Vaults:5 | Killed Xtahua
 48991 | Vaults:5 | Identified the +2 ring mail of the Stone Wall {Str+5}
 48992 | Vaults:5 | Identified the ring of the Bouncing Lovers {rC+++ Will+
                  | MP+9 Int-2 Dex-5}
 49051 | Vaults:5 | Identified the staff of air "Yschoahadgh" {Fly rElec rCorr
                  | Int+2}
 49076 | Vaults:5 | Identified the ring "Etekhymo" {Ice Str+4}
 49448 | Vaults:5 | Noticed an ancient lich
 49502 | Vaults:5 | Killed an ancient lich
 49830 | Vaults:5 | Got a silver rune of Zot
 49860 | Vaults:5 | Noticed an ancient lich
 49874 | Vaults:5 | Killed an ancient lich
 50059 | Vaults:5 | Identified the +6 war axe of the Twisting Visionary
                  | {freeze, rC+ Will- Stlth+}
 50377 | Vaults:5 | Reached skill level 19 in Shields
 50390 | Vaults:5 | Noticed an ancient lich
 50870 | Vaults:5 | Noticed an ancient lich
 50886 | Vaults:5 | Killed an ancient lich
 50926 | Vaults:5 | Identified the amulet "Zuschol" {Acrobat rN+ Str+4}
 50942 | Vaults:5 | Reached XP level 23. HP: 156/184 MP: 21/42
 50976 | Vaults:5 | Got Magic of the Hierophant
 50977 | Vaults:5 | Identified the staff of air "Nomist" {rElec Str+4 Int-4
                  | Dex+3}
 51252 | Vaults:5 | Acquired PurpleRed's Almanac of Dynamic Darkness
 51261 | Vaults:5 | Learned a level 6 spell: Statue Form
 51697 | Vaults:5 | Killed an ancient lich
 52237 | Crypt:1  | Entered Level 1 of the Crypt
 52420 | Depths:1 | Entered Level 1 of the Depths
 52551 | Depths:1 | Found a shimmering blue altar of Sif Muna.
 52691 | Depths:1 | Found a gateway to Hell.
 52861 | Depths:1 | Found a runed translucent door.
 52861 | Depths:1 | Noticed Barug's ghost (adept TrMo)
 52880 | Depths:1 | Found a one-way gateway to a ziggurat.
 53879 | Depths:2 | Found a one-way gate leading to the halls of Pandemonium.
 54049 | Depths:2 | Found Pedwife's Armour Boutique.
 54051 | Depths:2 | Found Raixt's Antique Weapon Shop.
 54051 | Depths:2 | Found Yfuch's Jewellery Boutique.
 54057 | Depths:2 | Found Tiolaikh's Antique Weapon Shop.
 54770 | Depths:2 | Identified the +6 war axe of Disorder {distort, rC- rN+
                  | Str+3}
 54823 | Depths:2 | Noticed a caustic shrike
 54829 | Depths:2 | Killed a caustic shrike
 54968 | Depths:2 | Noticed a golden dragon
 54975 | Depths:2 | Reached skill level 20 in Shields
 54981 | Depths:2 | Killed a golden dragon
 55393 | Depths:2 | Identified the +5 chain mail of Noize {rPois rC- Int+2}
 55702 | Depths:2 | Found a hazy altar of Hepliaklqana.
 55899 | Depths:2 | Found the +7 Spriggan's Knife {stab, EV+4 Stlth+}
 55908 | Depths:2 | Identified the ring "Cougac" {Fire Dex+3}
 56502 | Depths:3 | Reached XP level 24. HP: 193/193 MP: 33/43
 57217 | Depths:3 | Noticed an ancient lich
 57266 | Depths:3 | Killed an ancient lich
 57702 | Depths:3 | Identified the ring "Optaiste" {Contam rN+ rCorr Int+6}
 57709 | Depths:3 | Identified the +0 flail of Expedience {drain, *Rage rF+
                  | Will+}
 58256 | Depths:3 | Noticed a caustic shrike
 58257 | Depths:3 | Noticed a juggernaut
 58286 | Depths:3 | Killed a caustic shrike
 58302 | Depths:3 | Killed a juggernaut
 58573 | Depths:4 | Entered Level 4 of the Depths
 58657 | Depths:4 | Found a flickering gateway to a bazaar.
 58663 | Bazaar   | Entered a bazaar
 58667 | Bazaar   | Found Ihyj's Jewellery Boutique.
 58775 | Bazaar   | Found Tafuwn's Antique Weapon Shoppe.
 58796 | Bazaar   | Found Mouhuxur's Book Boutique.
 58801 | Bazaar   | Bought a book of the Moon for 320 gold pieces
 58818 | Bazaar   | Found Vez Ych's Magic Scroll Emporium.
 58823 | Bazaar   | Bought a scroll of enchant armour for 60 gold pieces
 58823 | Bazaar   | Bought a scroll of teleportation for 24 gold pieces
 58823 | Bazaar   | Bought a scroll of teleportation for 24 gold pieces
 58823 | Bazaar   | Bought a scroll of teleportation for 24 gold pieces
 58823 | Bazaar   | Bought a scroll of teleportation for 24 gold pieces
 58823 | Bazaar   | Bought a scroll of silence for 76 gold pieces
 58844 | Bazaar   | Bought the ring of Pigadorch {Fly rPois rF+ Str+3} for 356
                  | gold pieces
 58922 | Depths:4 | Noticed Qiwept's ghost (veteran BaIE)
 58932 | Depths:4 | Found a runed translucent gate.
 58932 | Depths:4 | Found a runed translucent gate.
 58932 | Depths:4 | Found a runed translucent gate.
 59372 | Depths:4 | Reached skill level 21 in Shields
 59515 | Depths:4 | Found a gate to the Realm of Zot.
 59995 | Depths:4 | Noticed a shard shrike
 60000 | Depths:4 | a shard shrike changed into a titan
 60004 | Depths:4 | Noticed a juggernaut
 60005 | Depths:4 | a juggernaut changed into a rockslime
 60015 | Depths:4 | a golden dragon changed into a caustic shrike
 60015 | Depths:4 | Noticed a caustic shrike (glowing shapeshifter)
 60018 | Depths:4 | a caustic shrike changed into a fire giant
 60047 | Depths:4 | Found Goaff's Book Emporium.
 60047 | Depths:4 | Found Zuluih's Jewellery Shop.
 60048 | Depths:4 | Found Tuodwo's Jewellery Shop.
 60523 | Elf:1    | Entered Level 1 of the Elven Halls
 60582 | Elf:1    | Reached XP level 25. HP: 203/203 MP: 44/44
 60764 | Elf:1    | Reached XP level 26. HP: 211/211 MP: 38/44
 61170 | Elf:1    | Got the Omnibus of the Bard
 61337 | Elf:1    | Learned a level 5 spell: Summon Mana Viper
 61418 | Elf:2    | Found a huge runed translucent gate.
 61418 | Elf:2    | Found a huge runed translucent gate.
 61422 | Elf:2    | Found a huge runed translucent gate.
 61422 | Elf:2    | Found a huge runed translucent gate.
 61426 | Elf:2    | Found a huge runed translucent gate.
 61430 | Elf:2    | Noticed Asterion
 61446 | Elf:2    | Killed Asterion
 62215 | Elf:2    | Found a runed translucent gate.
 62215 | Elf:2    | Found a runed translucent gate.
 62215 | Elf:2    | Found a runed translucent gate.
 62215 | Elf:2    | Noticed Lightningsun's ghost (journeyman MiBe)
 62216 | Elf:2    | Found a viscous altar of Jiyva.
 62258 | Elf:2    | Killed Lightningsun's ghost
 62322 | Elf:2    | Identified the +6 longbow of the Toadstool {drain, Will+++
                  | rCorr Int-3 Stlth+}
 62349 | Elf:3    | Entered Level 3 of the Elven Halls
 62378 | Elf:3    | Reached skill level 15 in Conjurations
 62378 | Elf:3    | Reached skill level 15 in Hexes
 62378 | Elf:3    | Reached skill level 15 in Summonings
 62378 | Elf:3    | Reached skill level 15 in Necromancy
 62378 | Elf:3    | Reached skill level 15 in Translocations
 62378 | Elf:3    | Reached skill level 15 in Transmutations
 62378 | Elf:3    | Reached skill level 15 in Fire Magic
 62378 | Elf:3    | Reached skill level 15 in Ice Magic
 62378 | Elf:3    | Reached skill level 15 in Air Magic
 62378 | Elf:3    | Reached skill level 15 in Earth Magic
 62378 | Elf:3    | Reached skill level 15 in Poison Magic
 63273 | Elf:3    | Found the +11 plutonium sword {Contam Stlth-}
 63274 | Elf:3    | Identified the +6 falchion of Experimentation {speed, rPois
                  | Dex+3}
 63275 | Elf:3    | Identified the +8 mace "Lyw Buot" {vamp, Str+3}
 63322 | Elf:3    | Identified the +3 buckler "Quxzeda" {rF- Will+ rCorr Int+6}
 63336 | Elf:3    | Identified the staff of earth "Uprurph" {Fly Int+3 Stlth+}
 63341 | Elf:3    | Identified the amulet of Cheibriados's Delight {Spirit Harm
                  | rElec rC+ rCorr}
 63420 | Elf:3    | Identified the ring of Daffac {rPois Dex+4}
 63467 | Elf:3    | Reached skill level 22 in Shields
 63665 | Elf:3    | Got the Spellbook of Misty Correspondence
 64084 | Lair:5   | Learned a level 8 spell: Necromutation
 64095 | Lair:5   | Learned a level 8 spell: Ignition
 64099 | Lair:5   | Learned a level 2 spell: Sublimation of Blood
 64147 | Slime:1  | Entered Level 1 of the Pits of Slime
 65962 | Slime:2  | Learned a level 8 spell: Lehudib's Crystal Spear
 65975 | Slime:3  | Noticed Dissolution
 66524 | Slime:5  | Entered Level 5 of the Pits of Slime
 66692 | Slime:5  | Reached XP level 27. HP: 220/222 MP: 30/45
 66711 | Slime:5  | Noticed the Royal Jelly
 66722 | Slime:5  | Killed the Royal Jelly
 67053 | Slime:5  | Found the +5 Force Lance {heavy, knockback}
 67063 | Slime:5  | Found the +5 Storm Queen's Shield {shock, Fly rElec}
 67101 | Slime:5  | Identified the ring "Fibo" {*Slow rPois rC+ Int+8 SInv}
 67127 | Slime:5  | Identified the +0 plate armour of Byfaj {Int+4}
 67129 | Slime:5  | Identified the orb of Nompocy {guile, Stlth+}
 67132 | Slime:5  | Got a slimy rune of Zot
 67137 | Slime:5  | Identified the +5 chain mail of the Rose {+Inv rElec Str+2}
 67138 | Slime:5  | Identified the +6 lajatang "Giant's Toothpick" {venom,
                  | *Noise Int+4 Dex+3}
 67160 | Slime:5  | Identified the +1 plate armour of Experimentation {rC+
                  | Str+6}
 67179 | Slime:5  | Identified the +10 rapier "Uddyun" {pain, rN+ rCorr}
 67316 | Slime:5  | Paralysed by a floating eye for 4 turns
 67940 | Slime:3  | Killed Dissolution
 70277 | Crypt:2  | Reached skill level 23 in Shields
 70451 | Crypt:1  | Found an ancient bone altar of Kikubaaqudgha.
 71566 | Crypt:3  | Entered Level 3 of the Crypt
 71623 | Crypt:3  | Found a staircase to the Tomb.
 72663 | Crypt:3  | Found a basalt altar of Yredelemnul.
 72664 | Crypt:3  | Found an ancient bone altar of Kikubaaqudgha.
 72773 | Crypt:3  | Identified the amulet of Jaexta Xeiso {rC- rN+ Regen+
                  | Int+5}
 72773 | Crypt:3  | Identified the ring "Ydwoulew" {rN+ Dex+2 SInv}
 72777 | Crypt:3  | Identified the +1 rapier of the Breathing Vulture {venom,
                  | Int-4 Dex+4 Stlth+}
 72778 | Crypt:3  | Identified the staff of death "Ituti" {rN+ Int+5}
 72779 | Crypt:3  | Identified the ring "Teilla" {rElec rPois rN+ MP-9 Int+6}
 73404 | Depths:1 | Bought the +3 hat of Pondering {ponderous, Will+ MP+10
                  | Int+5} for 1104 gold pieces
 73404 | Depths:1 | Found the +3 hat of Pondering {ponderous, Will+ MP+10
                  | Int+5}
 73448 | Depths:1 | Bought a scroll of blinking for 217 gold pieces
 73448 | Depths:1 | Bought a potion of might for 116 gold pieces
 73456 | Depths:1 | Bought a dazzling cloak for 408 gold pieces
 73456 | Depths:1 | Identified the +2 cloak of Topocith {rF+ Regen+ Dex+2
                  | Stlth+} (You bought it in a shop on level 1 of the Depths)
 73580 | Zot:1    | Entered Level 1 of the Realm of Zot
 73956 | Zot:1    | Noticed an orb of fire
 74175 | Zot:1    | Noticed Grunn
 74181 | Zot:1    | Killed Grunn
 74529 | Zot:1    | Killed an orb of fire
 74579 | Zot:1    | Found the +4 dragonskin cloak
 74579 | Zot:1    | Noticed Tiamat
 74923 | Zot:1    | Killed Tiamat
 74942 | Zot:1    | Bought the ring of Ofoed {Wiz Drain rC++ rCorr} for 1253
                  | gold pieces
 75241 | Zot:1    | Reached skill level 24 in Shields
 76003 | Zot:2    | Found a transporter.
 76105 | Zot:2    | Found a transporter.
 76111 | Zot:2    | Found a transporter.
 76917 | Zot:2    | Found a transporter.
 77640 | Zot:3    | You fall into a shaft and drop 1 floor!
 78903 | Zot:4    | Got the Folio of Mortuary Portals
 79708 | Zot:5    | Entered Level 5 of the Realm of Zot
 80405 | Zot:5    | Noticed a dread lich
 80419 | Zot:5    | Killed a dread lich
 80578 | Zot:5    | Noticed an ancient lich
 80623 | Zot:5    | Killed an ancient lich
 80697 | Zot:5    | Reached skill level 25 in Shields
 80725 | Zot:5    | Noticed an orb of fire
 80736 | Zot:5    | Killed an orb of fire
 80738 | Zot:5    | Noticed an orb of fire
 80751 | Zot:5    | Noticed an orb of fire
 80752 | Zot:5    | Noticed an orb of fire
 80753 | Zot:5    | Noticed an orb of fire
 80753 | Zot:5    | Noticed an orb of fire
 80820 | Zot:5    | Killed an orb of fire
 80831 | Zot:5    | Noticed an ancient lich
 80840 | Zot:5    | Killed an orb of fire
 80846 | Zot:5    | Killed an ancient lich
 80934 | Zot:5    | Killed an orb of fire
 80938 | Zot:5    | Noticed an ancient lich
 80960 | Zot:4    | Killed an ancient lich
 81077 | Zot:5    | Killed an orb of fire
 81123 | Zot:5    | Killed an orb of fire
 81257 | Zot:5    | Noticed an orb of fire
 81260 | Zot:5    | Killed an orb of fire
 83076 | Depths:3 | Voluntarily entered the Abyss.
 84296 | Abyss:2  | Noticed an ancient lich
 84316 | Abyss:2  | Found a shadowy altar of Dithmenos.
 84318 | Depths:3 | Escaped the Abyss
 84507 | Depths:1 | Bought a polished broad axe for 225 gold pieces
 84507 | Depths:1 | Identified the +4 broad axe "Lierar" {freeze, Int+2} (You
                  | bought it in a shop on level 1 of the Depths)
 85085 | Depths:1 | Voluntarily entered the Abyss.
 85451 | Abyss:3  | Found a corrupted altar of Lugonu.
 85505 | Abyss:3  | Found a corrupted altar of Lugonu.
 85523 | Abyss:3  | Found an ancient bone altar of Kikubaaqudgha.
 85524 | Abyss:3  | Found an ancient bone altar of Kikubaaqudgha.
 85543 | Abyss:3  | Found a corrupted altar of Lugonu.
 85569 | Abyss:3  | Found a corrupted altar of Lugonu.
 85597 | Abyss:3  | Reached skill level 26 in Shields
 85686 | Abyss:3  | Got an abyssal rune of Zot
 85835 | Abyss:3  | Found a sparkling altar of Nemelex Xobeh.
 86154 | Abyss:3  | Paralysed by you for 2 turns
 86333 | Abyss:3  | Noticed an ancient lich
 86348 | Abyss:3  | Killed an ancient lich
 86413 | Abyss:3  | Paralysed by you for 3 turns
 87338 | Abyss:3  | Found a corrupted altar of Lugonu.
 87503 | Abyss:3  | Found a corrupted altar of Lugonu.
 88432 | Abyss:3  | Gained mutation: You are vulnerable to cold. (rC-) [a
                  | neqoxec]
 88601 | Abyss:3  | Reached skill level 27 in Shields
 88750 | Abyss:3  | Paralysed by you for 3 turns
 88975 | Abyss:4  | Found a corrupted altar of Lugonu.
 89121 | Abyss:4  | Found a corrupted altar of Lugonu.
 89271 | Abyss:4  | Found a corrupted altar of Lugonu.
 89359 | Depths:1 | Escaped the Abyss
 89401 | Depths:1 | Bought a scroll of teleportation for 66 gold pieces
 89401 | Depths:1 | Bought a scroll of amnesia for 88 gold pieces
 89401 | Depths:1 | Bought a scroll of amnesia for 88 gold pieces
 89405 | Depths:1 | Bought the ring "Waozu" {Wiz Str+5 Int+3} for 968 gold
                  | pieces
 89430 | Depths:1 | Bought a scroll of blinking for 105 gold pieces
 89430 | Depths:1 | Bought a scroll of blinking for 105 gold pieces
 89430 | Depths:1 | Bought a scroll of fog for 56 gold pieces
 89430 | Depths:1 | Bought a scroll of magic mapping for 105 gold pieces
 89455 | Depths:1 | Learned a level 8 spell: Maxwell's Capacitive Coupling
 89998 | Depths:1 | Bought a scroll of enchant weapon for 105 gold pieces
 90057 | Pan      | Entered Pandemonium
 90099 | Pan      | Identified the +4 scale mail of the Ladybird {Dex+3}
 90802 | Pan      | Noticed Bopi Pya the pandemonium lord
 90842 | Pan      | Killed Bopi Pya the pandemonium lord
 90867 | Pan      | Identified the staff of fire "Rafyimoek" {rElec rF+ Str+6
                  | Dex+3 Stlth-}
 91531 | Pan      | Noticed Foluff Uxki the pandemonium lord
 91557 | Pan      | Killed Foluff Uxki the pandemonium lord
 91968 | Pan      | Found an exit through the horrors of the Abyss.
 92707 | Pan      | Noticed Nacvid the pandemonium lord
 92713 | Pan      | Killed from afar by Nacvid the pandemonium lord

Illustrated notes

Levels and vault maps discovered:
D:1:      dpeg_arrival_rooms_a, layout_basic, minmay_misc_feat_tower,
          dreamdust_princess_bridge, minmay_surrounded
D:2:      minmay_alternating_diamond, layout_loops_cross, serial_shops, shop,
          basic_ecumenical_altar, uniq_sigmund
D:3:      layout_basic
D:4:      layout_gridville, grunt_decor_resistance, chequers_mini_garden,
          uniq_eustachio, uniq_grinder
D:5:      layout_basic, mainiacjoe_overflow_paths, fedhas_altar_1,
          nicolae_overflow_two_pavilions, nicolae_qazlal_eye_of_the_storm,
          chequers_serial_rivers_small_b, serial_park_tiny_2,
          uniq_blork_the_orc, uniq_ijyb
D:6:      layout_cave_pools, bloody_trog, minmay_temple_entry_butterflies,
          guppyfry_early_elven_hall
D:7:      layout_loops_ring, zin_purify, mainiacjoe_overflow_brackets,
          ebering_ghost_reflecting_pool, serial_shops, shop
D:8:      layout_basic, mainiacjoe_overflow_24_doors,
          gammafunk_temple_overflow_pools,
          nicolae_concentric_dashed_squares_wild
D:9:      layout_cave_pools, slow_altar_1, lair_entry_dummy
D:10:     layout_long_grid, nicolae_uskayaw_dance_hall, orc_0_dummy,
          gammafunk_ghost_icy, kennysheep_generic_room_3
D:11:     layout_basic, uniq_harold
D:12:     layout_layer_cave, hellmonk_guarded_unrand_vines
D:13:     minmay_spotlight, layout_stronghold, xom_confusion_cloud
D:14:     layout_roguey [special_room_bee], skrybe_vaults_entry_preservation,
          gauntlet_entry_generic, okawaru_metal_pillars_3
D:15:     hangedman_depths_entry_civil_slaughter, layout_gridville,
          minmay_misc_feat_five, serial_rivers, chequers_serial_rivers_marsh,
          chequers_serial_rivers_micro_a, chequers_serial_rivers_room_a,
          chequers_serial_rivers_small_3, chequers_serial_rivers_room_a,
          chequers_serial_rivers_small_3, uniq_jorgrun
Temple:   dpeg_three_leaves_temple
Lair:1:   layout_layer_cave, infiniplex_staircase_pool_2
Lair:2:   layout_small_grid, spider_nest_entry_rubble,
          hellmonk_guarded_unrand_seven_league_boots, serial_bayou_shore_a
Lair:3:   layout_cave_pods, elwin_shoals_entry_stream, pond, grunt_megastairs_4,
          uniq_amaemon
Lair:4:   hellmonk_destroyed_diamonds, layout_layer_cave, uniq_sonja
Lair:5:   hellmonk_lair_end_abyssal_woods, layout_cave_pods,
          minmay_slime_entry_pillars
Shoals:1: layout_shoals, gammafunk_ghost_tricky_traps
Shoals:2: layout_shoals, nicolae_shoals_enchanted_isle, uniq_ilsuiw
Shoals:3: layout_shoals, serial_shops, nicolae_shop_bloodbath_and_beyond,
          nicolae_shoals_lost_giant_baths
Shoals:4: shoals_end_simple, layout_shoals, uniq_polyphemus
Spider:1: layout_spider_delve
Spider:2: layout_spider_delve
Spider:3: layout_spider_delve
Spider:4: grunt_spider_rune_circles
Slime:1:  layout_caves
Slime:2:  cheibrodos_slime_lost_civilization_8, layout_caves,
          nicolae_slime_rock_hall_of_fame
Slime:3:  layout_caves, uniq_dissolution
Slime:4:  layout_caves
Slime:5
Orc:1:    layout_caves, special_room [special_room_orc]
Orc:2:    st_orc_open, layout_caves, nicolae_shop_self_help
Elf:1:    eino_elf_arrival_sip, layout_rooms, minmay_elf_demonology,
          corexii_checkpoint_a, hex_intersection, einodemon_barbed_minivault
Elf:2:    elven_hall_of_blades_hangedman_alternative [nicolae_blade_tridents],
          layout_gridlike, gammafunk_ghost_ooze, uniq_asterion
Elf:3:    elf_hall_gauntlet_wide, layout_geoelf_diagonals
Vaults:1: lightli_enter_wizlab_magi_temple, hangedman_vaults_unwind,
          vaults_mumra_hex, vaults_mumra_chevron_long, grunt_vaults_focal,
          nicolae_vaults_closet_pinwheel_4, v_alt_pattern_6, v_misc_18,
          v_misc_27, layout_vaults_omnicross
Vaults:2: minmay_crypt_entry_simple_sparse, nicolae_vaults_loss_of_containment,
          grunt_vaults_swirl, hangedman_vaults_capsules, nicolae_vaults_cochlea,
          nicolae_vaults_little_squares_3, v_pattern_2,
          nicolae_vaults_rhombus_5, nicolae_vaults_rhombus_6,
          hangedman_vaults_nodes, v_rooms_4, vaults_standard_mumra_lines,
          layout_vaults_omnibox, uniq_frederick, uniq_bai_suzhen, uniq_margery
Vaults:3: nicolae_vaults_spaceships, nicolae_vaults_heart-shaped_vault,
          nicolae_vaults_shipping_containers_7, grunt_vaults_hallway_long,
          vaults_room_ringed_pool, vaults_dpeg_encased_lava,
          nicolae_vaults_oval_intersection, nicolae_vaults_trapezoid_lopsided_1,
          nicolae_vaults_more_shelving_1, nicolae_vaults_surprise_closet,
          layout_vaults_chaotic_city
Vaults:4: v_misc_22, nicolae_vaults_house_2, v_misc_25, vaults_mumra_chevron,
          nicolae_vaults_taking_the_gang_shopping, nicolae_vaults_house_2,
          vaults_room_hallway, nicolae_vaults_tetromino_L_2,
          nicolae_vaults_storage_room_statues, nicolae_vaults_double_plus_1,
          hangedman_vaults_snaps, nicolae_vaults_murder_corner,
          layout_vaults_omnigrid, serial_shops, nicolae_shop_back_alley_shop,
          shop, shop
Vaults:5: uniq_xtahua
Crypt:1:  layout_chaotic_city, serial_glass, glass_columns_c, glass_columns_a,
          item_on_display_a, feat_on_display,
          amcnicky_mini_rare_corridor_liquid, lemuel_upstairs_altar
Crypt:2:  layout_gridlike, due_unseen_surprise
Crypt:3:  lightli_unholy_cathedral, layout_chaotic_city,
          nicolae_tomb_entry_unfolded_pyramid_orthogonal, st_stairs_5
Depths:1: layout_cave_pools, enter_ziggurat_d, hellmonk_ghost_happy_afterlife,
          abyss_entry, hell_entry, lemuel_blue_sif_altar
Depths:2: little_maze_vault, layout_gridville, lightli_too_deep,
          nicolae_hepliaklqana_hippocampus, rand_demon_pan_entry_3, kb_rosetta,
          minmay_shoptagon
Depths:3: grunt_arcs, layout_cave_pools, hangedman_abyss_entry_splay,
          minmay_misc_feat_tiny, grunt_hell_entry_dis_old,
          rand_demon_pan_entry_4, minivault_16, chequers_big_river,
          grunt_tough_drop
Depths:4: grunt_zot_entry_pinwheel, layout_cave_shapes, hex_medium,
          pf_hell_entry_tar_spiral, gammafunk_ghost_split, serial_shops,
          freezing_bzr, minmay_shop_grove
Zot:1:    layout_cathedral_of_symmetry, bh_zot_ikea_curve, uniq_tiamat,
          uniq_grunn
Zot:2:    layout_concentric_octagons, nicolae_transporter_intersection
Zot:3:    kennysheep_ambush_hall, layout_basic
Zot:4:    layout_gridville
Zot:5:    layout_twisted_circle
Pan:      evilmike_mini_pan_pillars_b, layout_pan_divisions_b
          [pan_division_quadrant_b1, pan_division_quadrant_b1,
          pan_division_quadrant_b5, pan_division_quadrant_b1],
          pan_blood_fountain_small, nicolae_pan_mnolegish_3,
          evilmike_mini_pan_T, layout_basic, evilmike_mini_pan_pillars_b,
          layout_onion_city

Skill      XL: |  1  2  3  4  5  6  7  8  9 10 11 12 13 14 15 16 17 18 19 20 21 22 23 24 25 26 27 |
---------------+----------------------------------------------------------------------------------+-----
Invocations    | 1 2 3 4 5 6 7 8 9 10 11 12 13 14 15 16 17 18 19 23 | 23.3
Short Blades   | 1 2 3 5 6 7 8 9 10 11 12 13 14 15 16 17 18 21 | 21.6
Long Blades    | 1 2 3 5 6 7 8 9 10 11 12 13 14 15 16 17 18 21 | 21.6
Axes           | 1 2 3 5 6 7 8 9 10 11 12 13 14 15 16 17 18 21 | 21.6
Maces & Flails | 1 2 3 5 6 7 8 9 10 11 12 13 14 15 16 17 18 21 | 21.6
Polearms       | 1 2 3 5 6 7 8 9 10 11 12 13 14 15 16 17 18 21 | 21.6
Staves         | 1 2 3 5 6 7 8 9 10 11 12 13 14 15 16 17 18 21 | 21.6
Ranged Weapons | 1 2 3 5 6 7 8 9 10 11 12 13 14 15 16 17 18 21 | 21.6
Throwing       | 1 2 3 5 6 7 8 9 10 11 12 13 14 15 16 17 18 24 | 24.0
Shields        | 1 2 3 5 6 7 8 9 10 12 13 14 15 17 18 19 20 21 22 27 | 27.0
Unarmed Combat | 1 2 3 5 6 7 8 9 10 11 12 13 14 15 16 17 18 21 | 21.6
Spellcasting   | 1 2 3 5 6 7 8 9 10 11 12 13 14 15 16 17 18 21 | 21.6
Conjurations   | 1 2 3 4 5 6 7 8 9 10 11 12 13 14 15 18 | 18.5
Hexes          | 1 2 3 4 5 6 7 8 9 10 11 12 13 14 15 18 | 18.5
Summonings     | 1 2 3 4 5 6 7 8 9 10 11 12 13 14 15 18 | 18.5
Necromancy     | 1 2 3 4 5 6 7 8 9 10 11 12 13 14 15 18 | 18.5
Translocations | 1 2 3 4 5 6 7 8 9 10 11 12 13 14 15 18 | 18.5
Transmutations | 1 2 3 4 5 6 7 8 9 10 11 12 13 14 15 18 | 18.5
Fire Magic     | 1 2 3 4 5 6 7 8 9 10 11 12 13 14 15 18 | 18.5
Ice Magic      | 1 2 3 4 5 6 7 8 9 10 11 12 13 14 15 18 | 18.5
Air Magic      | 1 2 3 4 5 6 7 8 9 10 11 12 13 14 15 21 | 21.2
Earth Magic    | 1 2 3 4 5 6 7 8 9 10 11 12 13 14 15 18 | 18.5
Poison Magic   | 1 2 3 4 5 6 7 8 9 10 11 12 13 14 15 18 | 18.5
Fighting       | 3 4 5 6 7 8 9 10 11 12 13 14 15 16 17 19 25 | 25.3
Dodging        | 3 4 5 6 7 8 9 10 11 13 14 15 16 17 18 19 20 21 22 26 | 26.5
Stealth        | 3 4 5 6 7 8 9 10 11 12 13 14 15 16 17 18 21 | 21.7
Armour         | 5 6 7 8 9 10 11 12 13 14 15 16 17 18 22 | 22.0
Evocations     | 7 8 9 10 11 12 13 14 15 16 17 18 19 22 | 22.3

Action                     |  1- 3 |  4- 6 |  7- 9 | 10-12 | 13-15 | 16-18 | 19-21 | 22-24 | 25-27 || total
---------------------------+-------+-------+-------+-------+-------+-------+-------+-------+-------++-------
  Melee: Club              |    66 |       |       |       |       |       |       |       |       ||    66
         Bite              |    13 |     9 |    36 |    40 |   127 |   192 |   270 |   297 |  1199 ||  2183
         Punch             |     2 |       |       |       |     7 |       |       |     4 |       ||    13
         Long sword        |    22 |       |       |       |       |       |       |       |       ||    22
         Dagger            |     3 |       |       |       |       |       |       |       |       ||     3
         Quarterstaff      |    18 |    98 |   299 |   428 |   505 |       |       |       |       ||  1348
         Demon whip        |       |       |       |       |   163 |       |       |       |       ||   163
         Halberd           |       |       |       |       |     7 |       |       |       |       ||     7
         Lajatang          |       |       |       |       |   103 |  1231 |  1175 |  1128 |  2561 ||  6198
         Broad axe         |       |       |       |       |       |    14 |    27 |    27 |  2468 ||  2536
         Unarmed           |       |       |       |       |       |     1 |       |       |       ||     1
   Fire: Longbow           |       |       |       |       |       |       |       |       |    36 ||    36
  Throw: Dart              |       |     1 |       |     2 |    12 |     3 |       |       |       ||    18
         Javelin           |       |       |       |     1 |    14 |       |       |       |    11 ||    26
   Cast: Stone Arrow       |       |       |       |     4 |       |     1 |       |       |       ||     5
         Hailstorm         |       |       |       |     1 |       |     1 |       |       |       ||     2
         Freezing Cloud    |       |       |       |       |       |    81 |    58 |    36 |    19 ||   194
         Borgnjor's Vile C |       |       |       |       |       |   137 |   128 |   246 |   118 ||   629
         Plasma Beam       |       |       |       |       |       |     2 |       |     7 |    18 ||    27
         Starburst         |       |       |       |       |       |       |    21 |    32 |     5 ||    58
         Ozocubu's Refrige |       |       |       |       |       |       |     9 |     1 |     1 ||    11
         Statue Form       |       |       |       |       |       |       |       |     3 |       ||     3
         Fireball          |       |       |       |       |       |       |       |    13 |       ||    13
         Ignition          |       |       |       |       |       |       |       |       |   183 ||   183
         Necromutation     |       |       |       |       |       |       |       |       |   145 ||   145
         Summon Mana Viper |       |       |       |       |       |       |       |       |     8 ||     8
         Lehudib's Crystal |       |       |       |       |       |       |       |       |   121 ||   121
         Sublimation of Bl |       |       |       |       |       |       |       |       |    26 ||    26
 Invoke: Call Merchant     |       |       |       |       |       |     2 |       |       |    12 ||    14
         Potion Petition   |       |       |       |       |       |     1 |     1 |       |     4 ||     6
Ability: End Transformatio |       |       |       |       |       |       |       |       |     5 ||     5
  Evoke: Wand              |       |     2 |     9 |     4 |     4 |     3 |       |     7 |     8 ||    37
    Use: Scroll            |       |     3 |    12 |    12 |    10 |     4 |     4 |    12 |    27 ||    84
         Potion            |       |       |       |     1 |     2 |     2 |     6 |    13 |     4 ||    28
   Stab: Sleeping          |     4 |     5 |     9 |    11 |    10 |     5 |     3 |     3 |     8 ||    58
         Distracted        |       |     1 |     4 |     8 |     8 |    10 |     7 |     8 |    75 ||   121
         Invisible         |       |       |       |       |     5 |       |    59 |    32 |    21 ||   117
         Petrifying        |       |       |       |       |     1 |       |       |       |       ||     1
         Paralysed         |       |       |       |       |       |       |       |     2 |     1 ||     3
 Armour: Leather armour    |    27 |     1 |   119 |   174 |     1 |   193 |   232 |   214 |   635 ||  1596
         Ring mail         |       |    51 |     8 |       |       |    12 |       |       |       ||    71
         Scale mail        |       |       |       |       |   348 |   200 |       |       |       ||   548
         Skin              |       |       |       |       |     2 |       |       |    15 |       ||    17
  Dodge: Dodged            |    84 |    64 |   158 |   312 |   409 |  1388 |  1367 |  1152 |  3751 ||  8685
  Block: Kite shield       |       |       |       |       |       |       |       |       |  1133 ||  1133
